 Dungeon Crawl Stone Soup version 0.31-a0-1338-gb567cfdca4 (webtiles) character file.

Game seed: 6946627116741190168

492 Laraso the Ruffian (level 6, -7/59 HPs)
             Began as a Troll Cinder Acolyte on Dec 23, 2023.
             Was a High Priest of Ignis.
             Mangled by an ogre
             ... wielding a +0 giant spiked club
              (26 damage)
             ... on level 5 of the Dungeon.
             The game lasted 00:04:58 (2633 turns).

Laraso the Ruffian (Troll Cinder Acolyte)           Turns: 2633, Time: 00:04:59

Health: -7/59      AC:  4    Str: 23    XL:     6   Next: 91%
Magic:  6/6        EV:  9    Int: 10    God:    Ignis [*****.]
Gold:   182        SH:  0    Dex:  7    Spells: 7/7 levels left

rFire   + .          .
                       - Unarmed
rCold   + . .        (no shield)
rNeg    . . .        a - +0 robe
rPois   .            (helmet restricted)
rElec   .            (no cloak)
rCorr   .            (gloves unavailable)
SInv    .            (boots unavailable)
Will    .....        i - amulet of the acrobat
Stlth   +            q - ring of protection from cold
HPRegen 1.09/turn    (no ring)
MPRegen 0.10/turn

%: acrobat
@: no status effects
A: large, unfitting armour, claws 3, regeneration 1, shaggy fur 1, tough skin 1
a: Renounce Religion, Fiery Armour, Foxfire Swarm, Rising Flame


You were on level 5 of the Dungeon.
You worshipped Ignis.
Ignis was extremely pleased with you.
You visited 1 branch of the dungeon, and saw 5 of its levels.

You collected 182 gold pieces.

Inventory:

Armour
 a - a +0 robe (worn)
Jewellery
 i - an amulet of the acrobat (around neck)
 q - a ring of protection from cold (left claw)
Talismans
 d - a flux talisman
Wands
 k - a wand of iceblast (4)
 o - a wand of acid (7)
Scrolls
 b - a scroll of enchant weapon
 g - a scroll of teleportation
 h - a scroll of amnesia
Potions
 c - 2 potions of magic
 e - 2 potions of curing
 f - a potion of heal wounds {unknown}
 j - a potion of mutation {unknown}
 l - a potion of haste {unknown}
 m - 2 potions of attraction
 n - a potion of lignification {unknown}
 p - a potion of brilliance {unknown}


   Skills:
 - Level 2.4 Fighting
 * Level 1.8 Armour
 * Level 1.8 Dodging
 - Level 7.0 Unarmed Combat
 - Level 1.0 Spellcasting
 - Level 2.1 Fire Magic


You had 7 spell levels left.
You didn't know any spells.
Your spell library contained the following spells:

 Spells                   Type           Power      Damage    Failure   Level
 Scorch                   Fire           8%         2d5       22%         2
 Necrotise                Necr           0%         1d4       34%         1
 Vampiric Draining        Necr           0%         2d6       71%         3
 Agony                    Necr           0%         N/A       100%        5


Dungeon Overview and Level Annotations

Branches:
Dungeon (5/15)             Temple (0/1) D:4

Altars:
Xom

Portals:
Abyss: D:3

Annotations:
D:3 2 transporters, gelatine's ghost, amateur DsHu


Innate Abilities, Weirdness & Mutations

You are too large for most types of armour.
You have claws for hands.
Your natural rate of healing is unusually fast.
You are covered in fur. (AC +1)
You have tough skin. (AC +1)


Message History

As you open the door, it creaks loudly!
An orc comes into view. It is wielding a +0 dagger.
The orc shouts!
You hear a shout!
Found a stone staircase leading up.
An orc is nearby!
An orc is nearby!
An orc is nearby!
Okay, then.
Found a leather armour.
An ogre comes into view. It is wielding a +0 giant spiked club.
There is an open door here.
Found 9 gold pieces.
The orc hits you but does no damage.
You claw the orc!
You kill the orc!
No target in view!
You see here a +0 dagger.
An ogre is nearby!
You see here a +0 dagger.
You scratch the ogre.
The ogre is lightly wounded.
The ogre hits you with a +0 giant spiked club!!
You barely miss the ogre.
The ogre is lightly wounded.
The ogre hits you with a +0 giant spiked club!!
* * * LOW HITPOINT WARNING * * *
You are too injured to fight recklessly!
You are too injured to fight recklessly!
Aiming: Corrosive Bolt
Press: ? - help, Shift-Dir - straight line, f - ogre
Aim: an ogre, wielding a +0 giant spiked club (lightly wounded, 86% to hit)
The bolt of acid hits the ogre!
The acid corrodes the ogre!
The ogre is severely wounded.
Aiming: Corrosive Bolt
Press: ? - help, Shift-Dir - straight line, f/p - ogre
Aim: an ogre, wielding a +0 giant spiked club (severely wounded, covered in acid, 86% to hit)
The bolt of acid hits the ogre!
The ogre seems to be corroded for longer.
The ogre is almost dead.
The ogre hits you with a +0 giant spiked club!!
You die...

#.# ####.### #......#
##+## #.##.#.### ##<..##
#.##.#...# ##.....##
#.##.....#
##.......###.##.#...#
#.........##.#.....######
+.$.....@O'.........††...
#..[......#.##.....######
##.......##.###.#..# #
##.....###.# ###... #
##...## #.# ..... # ##+##
#.# ##...# # #O# #..## #
#.# #.## # #


You could see an ogre (corroded).

Vanquished Creatures
  A black bear (D:5)
  An ogre (D:3)
  3 scorpions
  A jelly (D:4)
  A sleepcap (D:4)
  2 adders
  2 worms
  A dart slug (D:2)
  5 orcs
  7 ball pythons
  6 bats
  4 endoplasms
  2 giant cockroaches (D:1)
  5 goblins
  5 hobgoblins
  2 jackals (D:1)
  5 quokkas
  3 frilled lizards
  5 kobolds
  7 rats
68 creatures vanquished.

Notes
Turn   | Place    | Note
-------+----------+-------------------------------------------
     0 | D:1      | Laraso the Troll Cinder Acolyte began the quest for the
                  | Orb.
     0 | D:1      | Reached XP level 1. HP: 22/22 MP: 1/1
    50 | D:1      | Reached XP level 2. HP: 28/29 MP: 2/2
   226 | D:1      | Reached skill level 4 in Unarmed Combat
   557 | D:2      | Reached XP level 3. HP: 31/36 MP: 3/3
  1106 | D:3      | Found a one-way gate to the infinite horrors of the Abyss.
  1106 | D:3      | Noticed gelatine's ghost (amateur DsHu)
  1135 | D:3      | Noticed a small abomination
  1204 | D:3      | Found a transporter.
  1213 | D:3      | Found a transporter.
  1213 | D:3      | Noticed a kobold brigand
  1347 | D:3      | Noticed a scorpion
  1350 | D:3      | Killed a scorpion
  1351 | D:3      | Reached skill level 5 in Unarmed Combat
  1351 | D:3      | Reached XP level 4. HP: 44/44 MP: 4/4
  1526 | D:3      | Found a shimmering altar of Xom.
  1530 | D:3      | Noticed an ogre
  1536 | D:3      | Killed an ogre
  1537 | D:3      | Reached skill level 6 in Unarmed Combat
  1537 | D:3      | Reached XP level 5. HP: 27/50 MP: 5/5
  1562 | D:3      | Found a faded altar of an unknown god.
  2001 | D:4      | Found a staircase to the Ecumenical Temple.
  2028 | D:4      | Reached XP level 6. HP: 39/59 MP: 6/6
  2509 | D:5      | Entered Level 5 of the Dungeon
  2527 | D:5      | Reached skill level 7 in Unarmed Combat
  2590 | D:5      | Reached skill level 1 in Armour
  2590 | D:5      | Reached skill level 1 in Dodging
  2633 | D:5      | Mangled by an ogre

Illustrated notes

Levels and vault maps discovered:
D:1:      grunt_arrival_lava_bath, layout_rooms,
          nicolae_kite_square_tiling_tiny, minmay_misc_feat_more_columns,
          minmay_misc_feat_chi, kennysheep_crisscross
D:2:      layout_basic, kennysheep_cluttered_room
D:3:      layout_basic, xom_butterflies, gammafunk_ghost_abyssal_escape,
          chequers_ecumenical_altar_simple
D:4:      layout_gridville, temple_fountains, minmay_parallelograms
D:5:      layout_loops_corners, uniq_crazy_yiuf_cottage

Skill      XL: |  1  2  3  4  5  6 |
---------------+-------------------+-----
Unarmed Combat | 4 5 6 7 |  7.0
Armour         | 1 |  1.8
Dodging        | 1 |  1.8
Fighting       | |  2.4
Spellcasting   | |  1.0
Fire Magic     | |  2.1

Action                     |  1- 3 |  4- 6 || total
---------------------------+-------+-------++-------
  Melee: Unarmed           |   118 |    54 ||   172
         Punch             |     6 |     1 ||     7
  Evoke: Wand              |     3 |     4 ||     7
    Use: Scroll            |     6 |     4 ||    10
 Armour: Robe              |    81 |    27 ||   108
  Dodge: Dodged            |    68 |    16 ||    84

Table legend: (Time is in decaauts)
 A = Elapsed time spent in this place.
 B = Non-inter-level travel time spent in this place.
 C = Inter-level travel time spent in this place.
 D = Time resting spent in this place.
 E = Time spent auto-exploring this place.
 F = Levels seen in this place.
 G = Mean time per level.
                   A        B        C        D        E       F      G
               +--------+--------+--------+--------+--------+-----+--------+
         Total |   2617 |   2516 |    101 |     58 |   2014 |   5 |  523.4 |
       Dungeon |   2617 |   2516 |    101 |     58 |   2014 |   5 |  523.4 |
               +--------+--------+--------+--------+--------+-----+--------+

Top non-repeatable levels by time:
     D:3: 798 daAuts
     D:4: 652 daAuts
     D:1: 537 daAuts
     D:2: 508 daAuts
     D:5: 121 daAuts
